 Dungeon Crawl Stone Soup version 0.30-a0-857-gcaf70739d4 (webtiles) character file.

Game seed: 5744531348883070444

107 holysushi the Cutter (level 5, -2/32 HPs)
             Began as a Kobold Monk on Mar 5, 2023.
             Slain by an orc
             ... wielding a +0 mace
              (5 damage)
             ... on level 3 of the Dungeon.
             The game lasted 00:01:52 (2079 turns).

holysushi the Cutter (Kobold Monk)                  Turns: 2079, Time: 00:01:52

Health: -2/32      AC:  2    Str:  9    XL:     5   Next: 11%
Magic:  5/5        EV: 16    Int: 11    God:
Gold:   125        SH:  0    Dex: 19    Spells: 4/4 levels left

rFire   . . .      SeeInvis .    a - +0 short sword
rCold   . . .      Faith    .    (no shield)
rNeg    . . .      Spirit   .    b - +0 robe
rPois   .          Reflect  .    (no helmet)
rElec   .          Rampage  .    (no cloak)
rCorr   .                        (no gloves)
Will    .....                    (no boots)
Stlth   +++                      (no amulet)
HPRegen 0.25/turn                (no ring)
MPRegen 0.09/turn                (no ring)

@: no status effects
A: small, no large weapons, nightstalker 3
a: no special abilities


You were on level 3 of the Dungeon.
You visited 1 branch of the dungeon, and saw 3 of its levels.

You collected 125 gold pieces.

Inventory:

Hand Weapons
 a - a +0 short sword (weapon)
 d - a +0 dagger of holy wrath
Armour
 b - a +0 robe (worn)
Scrolls
 f - 2 scrolls of amnesia {unknown}
 g - a scroll of fear {unknown}
 h - 2 scrolls of identify {unknown}
 i - a scroll of vulnerability {unknown}
 j - a scroll of torment {unknown}
 l - a scroll of noise {unknown}
 m - a scroll of fog {unknown}
Potions
 c - a potion of ambrosia
 e - a potion of resistance {unknown}
 k - 3 potions of curing {unknown}


   Skills:
 - Level 3.2 Fighting
 + Level 7.2 Short Blades
 - Level 3.6 Dodging
 - Level 2.6 Stealth


You had 4 spell levels left.
You didn't know any spells.
Your spell library contained the following spells:

 Spells                   Type           Power      Damage    Failure   Level
 Blink                    Tloc           0%         N/A       47%         2
 Manifold Assault         Tloc           0%         N/A       98%         4
 Storm Form               Tmut/Air       0%         N/A       100%        7


Dungeon Overview and Level Annotations

Branches:
Dungeon (3/15) Zot: 15969

Altars:


Innate Abilities, Weirdness & Mutations

You are small and have problems with some larger weapons.
You are completely attuned to the shadows.


Message History

You barely miss the orc.
The orc is heavily wounded.
The orc misses you.
You barely miss the orc.
The orc is heavily wounded.
You barely miss the orc.
The orc is heavily wounded.
The orc hits you with a +0 morningstar!
You are too injured to fight recklessly!
You are too injured to fight recklessly!
You closely miss the orc.
The orc is heavily wounded.
You barely miss the orc.
The orc is heavily wounded.
The orc closely misses you.
You hit the orc.
The orc is almost dead.
The orc barely misses you.
You hit the orc.
You kill the orc!
You swing at nothing.
You hit the orc.
The orc is almost dead.
The orc closely misses you.
You hit the orc.
You kill the orc!
You swing at nothing.
You hit the orc.
The orc is lightly wounded.
The orc hits you with a +0 mace.
You hit the orc but do no damage.
The orc is lightly wounded.
You hit the orc.
The orc is heavily wounded.
The orc hits you with a +0 mace!
* * * LOW HITPOINT WARNING * * *
You hit the orc.
The orc is severely wounded.
The orc hits you with a +0 mace.
You die...

#### .#
.... ##.#
.... #..
.### #o# #
####@# #
.....# #
####.## #
###.#.####.
###
..###.....
...
###.#.###..
### #.## ##
#.#### #.
##....# #.


You could see an orc.

Vanquished Creatures
  5 adders (D:2)
  A worm (D:1)
  3 dart slugs
  4 orcs (D:3)
  2 ball pythons
  7 bats
  3 endoplasms
  3 giant cockroaches
  6 goblins
  2 hobgoblins (D:2)
  4 kobolds
  2 quokkas (D:2)
  A frilled lizard (D:2)
  10 rats
53 creatures vanquished.

Notes
Turn   | Place    | Note
-------+----------+-------------------------------------------
     0 | D:1      | holysushi the Kobold Monk began the quest for the Orb.
     0 | D:1      | Reached XP level 1. HP: 14/14 MP: 1/1
   117 | D:1      | Reached XP level 2. HP: 19/19 MP: 2/2
   347 | D:1      | Reached skill level 5 in Short Blades
   832 | D:2      | Reached XP level 3. HP: 17/23 MP: 3/3
  1025 | D:2      | Reached skill level 6 in Short Blades
  1069 | D:2      | Reached XP level 4. HP: 12/28 MP: 4/4
  1899 | D:3      | Reached skill level 7 in Short Blades
  1962 | D:3      | Reached XP level 5. HP: 32/32 MP: 5/5
  2079 | D:3      | Slain by an orc

Illustrated notes

Levels and vault maps discovered:
D:1:      dpeg_arrival_subterranean_lakeside_camping, layout_loops_cross,
          minmay_stone_trees_small
D:2:      layout_basic
D:3:      layout_loops_ring, mainiacjoe_overflow_swirl

Skill      XL: |  1  2  3  4 |
---------------+-------------+-----
Short Blades   | 5 6 7 |  7.2
Fighting       | |  3.2
Dodging        | |  3.6
Stealth        | |  2.6

Action                     |  1- 3 |  4- 6 || total
---------------------------+-------+-------++-------
  Melee: Short sword       |   105 |    82 ||   187
         Punch             |     2 |       ||     2
   Stab: Sleeping          |     7 |    17 ||    24
 Armour: Robe              |     9 |     7 ||    16
  Dodge: Dodged            |    77 |    28 ||   105

Table legend: (Time is in decaauts)
 A = Elapsed time spent in this place.
 B = Non-inter-level travel time spent in this place.
 C = Inter-level travel time spent in this place.
 D = Time resting spent in this place.
 E = Time spent auto-exploring this place.
 F = Levels seen in this place.
 G = Mean time per level.
                   A        B        C        D        E       F      G
               +--------+--------+--------+--------+--------+-----+--------+
         Total |   2029 |   1997 |     32 |    256 |   1350 |   3 |  676.3 |
       Dungeon |   2029 |   1997 |     32 |    256 |   1350 |   3 |  676.3 |
               +--------+--------+--------+--------+--------+-----+--------+

Top non-repeatable levels by time:
     D:1: 894 daAuts
     D:2: 841 daAuts
     D:3: 294 daAuts
